AoeStats
← [LaCD] diegocm

Black Forest

505136083Analyzed
4v4 RM · 25d ago on Sep 8, 2026· 57m 10s· 8 players
Game mode
Random Map
Map size
Large (8 player)
Population
200
Speed
Normal
Resources
Standard
Victory
Conquest
Starting age
Dark Age
Ending age
Imperial Age
RankedLock teamsTeams togetherTeam positionsShared explorationLock speedFull tech treeHidden civsTurbo modeCheats
Victory
Defeat
🇨🇴 Spanish · Colombia
1094
+17
🇨🇴 Britons · Colombia
1061
+18
🇧🇷 Saracens · Brazil
1046
+19
🇺🇸 Lithuanians · United States
1045
+19
🇧🇷 Burmese · Brazil
1162
-21
🇨🇳 Magyars · China
1136
-19
🇦🇺 Persians · Australia
1104
-18
🇨🇳 Khmer · China
1035
-15
littlepickle
8:08 Loom
12:15 Feudal Age
16:32 Castle Age
15:09 Double-Bit Axe
16:33 Wheelbarrow
24:25 Forging
27:19 Gold Mining
27:39 Scale Barding Armor
33:22 Horse Collar
33:54 Bow Saw
37:36 Imperial Age
35:50 Heavy Plow
38:13 Hand Cart
38:35 Iron Casting
38:21 Chain Barding Armor
38:09 Caravan
39:01 Stone Mining
38:50 Cavalier
39:30 Husbandry
40:51 Plate Barding Armor
40:12 Paladin
43:15 Chemistry
42:12 Murder Holes
42:27 Fortified Wall
44:47 Fletching
47:19 Onager
[LaCD] diegocm
0:27 Loom
13:57 Feudal Age
20:30 Castle Age
35:37 Double-Bit Axe
35:49 Horse Collar
38:41 Wheelbarrow
38:59 Town Watch
40:00 Scale Mail Armor
40:11 Forging
40:56 Hand Cart
41:11 Gold Mining
41:16 Stone Mining
41:29 Heavy Plow
41:46 Bow Saw
45:05 Imperial Age
43:31 Ballistics
43:35 Masonry
45:42 Chain Mail Armor
46:02 Iron Casting
45:30 Caravan
46:00 Coinage
46:54 Chemistry
46:25 Architecture
46:30 Conscription
46:47 Hoardings
46:15 Gambesons
46:33 Squires
46:20 Arson
45:58 Pikeman
48:06 Two-Man Saw
47:15 Town Patrol
47:03 Halberdier
48:57 Plate Mail Armor
49:29 Blast Furnace
51:45 Murder Holes
52:02 Fortified Wall
52:15 Ballistics
51:49 Fletching
52:00 Padded Archer Armor
54:51 Banking
54:31 Guilds
hargir
2:17 Loom
11:51 Feudal Age
15:37 Castle Age
14:06 Double-Bit Axe
31:02 Imperial Age
29:14 Wheelbarrow
29:23 Bow Saw
29:10 Town Watch
29:23 Gold Mining
29:36 Pikeman
30:25 Fletching
31:17 Gold Shaft Mining
31:01 Horse Collar
32:16 Conscription
32:16 Halberdier
33:00 Scale Mail Armor
33:01 Padded Archer Armor
35:39 Bodkin Arrow
36:01 Leather Archer Armor
36:59 Stone Mining
37:41 Ring Archer Armor
37:13 Bracer
38:17 Chain Mail Armor
38:13 Forging
38:23 Elite Longbowman
40:07 Chemistry
40:17 Plate Mail Armor
40:34 Warwolf
40:06 Sappers
40:57 Yeomen
42:06 Iron Casting
42:04 Ballistics
42:38 Hand Cart
42:57 Town Patrol
43:38 Caravan
46:16 Blast Furnace
45:22 Scale Barding Armor
47:19 Chain Barding Armor
47:34 Masonry
47:43 Onager
Linhares
0:58 Loom
14:13 Feudal Age
30:27 Castle Age
28:33 Horse Collar
28:40 Double-Bit Axe
29:12 Gold Mining
29:12 Stone Mining
36:49 Gold Shaft Mining
37:17 Fervor
37:29 Sanctity
37:35 Caravan
41:31 Imperial Age
40:54 Wheelbarrow
40:05 Town Watch
40:18 Herbal Medicine
40:38 Redemption
42:49 Theocracy
42:40 Illumination
42:31 Block Printing
43:27 Bimaristan
43:38 Conscription
44:28 Husbandry
44:38 Bloodlines
43:49 Light Cavalry
44:42 Forging
44:37 Scale Barding Armor
44:23 Fletching
46:45 Iron Casting
46:31 Chain Barding Armor
46:19 Hussar
51:17 Coinage
Heldblaser
2:23 Loom
11:51 Feudal Age
14:14 Stone Mining
16:30 Castle Age
15:55 Gold Mining
17:23 Gold Mining
19:00 Forging
23:44 Iron Casting
25:22 Scale Barding Armor
36:50 Horse Collar
39:02 Wheelbarrow
42:23 Imperial Age
40:47 Scale Mail Armor
41:44 Pikeman
42:40 Chain Mail Armor
42:30 Squires
44:20 Chemistry
43:32 Masonry
43:29 Siege Engineers
44:11 Plate Mail Armor
43:22 Halberdier
45:44 Hand Cart
46:25 Architecture
46:07 Heavy Plow
46:22 Town Watch
49:19 Blast Furnace
51:40 Caravan
NOT SO LONG
13:00 Feudal Age
14:02 Horse Collar
17:07 Castle Age
15:44 Double-Bit Axe
18:36 Bow Saw
21:52 Wheelbarrow
21:25 Heavy Plow
21:22 Gold Mining
21:22 Stone Mining
23:00 Hand Cart
24:54 Stone Shaft Mining
30:33 Tusk Swords
31:09 Fortified Wall
31:09 Fletching
31:30 Forging
31:26 Scale Barding Armor
31:22 Padded Archer Armor
31:24 Scale Mail Armor
30:55 Pikeman
36:44 Fervor
36:37 Devotion
39:14 Imperial Age
37:28 Bodkin Arrow
37:48 Leather Archer Armor
41:08 Gold Shaft Mining
41:14 Hoardings
40:40 Double Crossbow
41:00 Conscription
40:41 Town Watch
41:20 Heavy Scorpion
41:21 Capped Ram
41:27 Elite Ballista Elephant
41:48 Halberdier
41:51 Elite Skirmisher
43:05 Crop Rotation
45:13 Faith
45:01 Bracer
45:31 Ring Archer Armor
45:37 Iron Casting
45:10 Siege Engineers
46:12 Chemistry
51:59 Onager
Pennon
12:03 Feudal Age
16:19 Castle Age
16:07 Loom
16:51 Double-Bit Axe
18:38 Wheelbarrow
19:17 Horse Collar
30:03 Imperial Age
29:01 Forging
28:56 Scale Barding Armor
30:51 Iron Casting
31:30 Chain Barding Armor
33:09 Blast Furnace
32:49 Heavy Plow
34:46 Devotion
35:32 Plate Barding Armor
36:43 Fletching
36:54 Padded Archer Armor
37:10 Elite Skirmisher
38:45 Hand Cart
39:07 Elite War Elephant
40:34 Crop Rotation
40:04 Bodkin Arrow
40:24 Leather Archer Armor
40:43 Faith
41:30 Ballistics
44:36 Ring Archer Armor
45:34 Heavy Scorpion
47:53 Bow Saw
48:04 Cavalier
49:32 Bloodlines
49:22 Husbandry
49:26 Savar
51:19 Gold Mining
51:23 Pikeman
暗恋安联的一切
10:57 Feudal Age
11:28 Man-at-Arms
11:54 Arson
12:11 Double-Bit Axe
12:29 Horse Collar
Connection lost

Rejoining the realm…

Still unreachable

The connection could not be restored.

Session expired

The server has moved on; the page needs a fresh start.